 Dungeon Crawl Stone Soup version 0.31-a0-986-g5e6e4ef867 (webtiles) character file.

Game seed: 10990750874529915415

144 javelincjr the Changeling (level 5, 0/60 HPs)
             Began as a Draconian Shapeshifter on Nov 8, 2023.
             Killed from afar by an orc wizard (4 damage)
             ... with a magic dart
             ... on level 3 of the Dungeon.
             The game lasted 00:08:58 (2075 turns).

javelincjr the Changeling (Draconian Shapeshifter)  Turns: 2075, Time: 00:08:59

Health: 0/60       AC: 22    Str: 19      XL:     5   Next: 5%
Magic:  6/7        EV:  2    Int:  9 (10) God:
Gold:   108        SH:  0    Dex: 10      Spells: 6/7 levels left

rFire   + +          .
                       - Unarmed
rCold   . . .        f - orb {light}
rNeg    . . .        (body armour unavailable)
rPois   +            (helmet currently unavailable)
rElec   .            (cloak currently unavailable)
rCorr   .            (gloves currently unavailable)
SInv    .            (boots currently unavailable)
Will    .....        l - amulet of reflection
Stlth   +            g - ring of protection from fire
HPRegen 0.30/turn    h - ring of protection from fire
MPRegen 0.10/turn

%: reflection
@: confused, mighty, tree-form, hasted, glowing, very quick
A: stationary, stasis, torment immunity, boosted hp, AC +5, unfitting armour,
(cold-blooded), (horns 2), deterioration 1, (poison resistance)
a: no special abilities


You were on level 3 of the Dungeon.
You were a tree.
You visited 1 branch of the dungeon, and saw 3 of its levels.

You collected 108 gold pieces.

Inventory:

Hand Weapons
 d - a +0 sling
Armour
 f - an orb of light (worn)
Jewellery
 g - a ring of protection from fire (left branch)
 h - a ring of protection from fire (right branch)
 l - an amulet of reflection (around neck)
Talismans
 b - a beast talisman
 c - a flux talisman
Wands
 k - a wand of flame (12)
 s - a wand of roots (4)
Scrolls
 e - a scroll of enchant armour {unknown}
 j - a scroll of immolation {unknown}
 m - a scroll of teleportation {unknown}
 n - a scroll of torment {unknown}
 p - a scroll of revelation {unknown}
 q - a scroll of noise {unknown}
 u - a scroll of vulnerability {unknown}
Potions
 a - a potion of lignification
 o - a potion of mutation
 r - a potion of cancellation
 t - a potion of haste
 v - a potion of brilliance {unknown}


   Skills:
 - Level 1.3 Fighting
 - Level 2.0 Dodging
 - Level 3.1 Unarmed Combat
 + Level 1.5 Spellcasting
 * Level 4.8 Shapeshifting


You had 6 spell levels left.
You knew the following spells:

 Your Spells              Type           Power      Damage    Failure   Level
a - Sting                 Tmut/Pois      0%         1d3       34%         1

Your spell library contained the following spells:

 Spells                   Type           Power      Damage    Failure   Level
 Poisonous Vapours        Pois/Air       0%         N/A       47%         2
 Sublimation of Blood     Necr           0%         N/A       47%         2
 Olgreb's Toxic Radiance  Pois           0%         N/A       98%         4
 Petrify                  Tmut/Erth      0%         N/A       98%         4
 Irradiate                Conj/Tmut      0%         3d11      100%        5


Dungeon Overview and Level Annotations

Branches:
Dungeon (3/15)

Altars:
Ashenzari


Innate Abilities, Weirdness & Mutations

You are a tree.
Your roots penetrate the ground, keeping you stationary.
You cannot be teleported.
You are immune to unholy pain and torment.
Your maximum health is greatly increased.
Your equipment is partially melded.
((Your plain brown scales are hard. (AC +5)))
You cannot fit into any form of body armour.
((You are cold-blooded and may be slowed by cold attacks.))
((You have a pair of horns on your head.))
Your body sometimes deteriorates upon taking damage.
((Your system is resistant to poisons. (rPois)))


Message History

It was a potion of cancellation.
Your magical effects are unravelling.
You feel magically purged.
You feel yourself speed up.
You feel less confused.
The orc wizard hits you but does no damage.
The endoplasm hits you but does no damage.
The orc closely misses you.
The orc wizard hits you but does no damage. x2
You hit the orc wizard. Your headbutt misses the orc wizard.
The orc wizard is almost dead.
The endoplasm freezes you.
You are frozen.
* * * LOW HITPOINT WARNING * * *
Your body deteriorates!
You feel dopey. You block the orc's attack. You block the orc wizard's attack.
The orc wizard points at you and mumbles some strange words.
You are confused.
Your transformation has ended.
You turn into a tree.
Your roots penetrate the ground.
The endoplasm hits you but does no damage.
The orc hits you but does no damage.
The orc wizard hits you but does no damage.
The orc wizard gestures at you while chanting.
The magic dart hits you but does no damage.
It was a potion of might.
You feel very mighty all of a sudden. The endoplasm freezes you.
You are frozen.
* * * LOW HITPOINT WARNING * * *
The orc hits you but does no damage.
The orc wizard hits you but does no damage.
The orc wizard points at you and mumbles some strange words.
The magic dart hits you but does no damage.
It was a potion of haste.
You feel yourself speed up. The orc hits you but does no damage.
The endoplasm hits you but does no damage.
The orc wizard hits you but does no damage.
The orc wizard casts a spell at you. The magic dart hits you.
You die...

########## .##........##
............
##.........#.........
#..........##.....)..
#..........##....o...
#....................
#......o♣.>.#......#
###......Joo..#......#.
#####.............#........
...........#...####.......#####
##.....#.#.....###.............
#..##....###.#...).............
........####.............>.....
......#.##...#...##............
.......†#......................


You could see 2 orc wizards, an orc and an endoplasm.

Vanquished Creatures
  5 adders
  3 gnolls (D:2)
  A worm (D:3)
  A dart slug (D:3)
  4 orcs (D:3)
  5 endoplasms
  A giant cockroach (D:1)
  3 goblins
  6 hobgoblins
  6 jackals (D:1)
  2 quokkas
  4 ball pythons
  2 bats (D:1)
  13 frilled lizards
  2 kobolds
  5 rats
63 creatures vanquished.

Notes
Turn   | Place    | Note
-------+----------+-------------------------------------------
     0 | D:1      | javelincjr the Draconian Shapeshifter began the quest for
                  | the Orb.
     0 | D:1      | Reached XP level 1. HP: 16/16 MP: 1/1
   200 | D:1      | Reached XP level 2. HP: 23/23 MP: 2/2
   510 | D:1      | Reached XP level 3. HP: 24/28 MP: 3/3
  1101 | D:2      | Reached skill level 4 in Shapeshifting
  1135 | D:2      | Learned a level 1 spell: Sting
  1325 | D:2      | Reached XP level 4. HP: 32/35 MP: 1/5
  1468 | D:2      | Reached skill level 1 in Spellcasting
  1570 | D:2      | Found a broken altar of Ashenzari.
  1864 | D:3      | Reached XP level 5. HP: 40/40 MP: 4/7
  2070 | D:3      | Gained mutation: Your body sometimes deteriorates upon
                  | taking damage. [potion of mutation]
  2070 | D:3      | Gained mutation: Your system is resistant to poisons.
                  | (rPois) [potion of mutation]
  2070 | D:3      | Gained mutation: You have a pair of small horns on your
                  | head. [potion of mutation]
  2070 | D:3      | Gained mutation: You have a pair of horns on your head.
                  | [potion of mutation]
  2074 | D:3      | HP: 3/60 [frozen (5)]
  2075 | D:3      | Killed from afar by an orc wizard

Illustrated notes

Levels and vault maps discovered:
D:1:      minmay_arrival_split_and_join, layout_basic,
          chequers_serial_rivers_large_b, minmay_lizard_king
D:2:      layout_basic, basic_altar, minmay_door_square
D:3:      layout_rooms

Skill      XL: |  1  2  3  4 |
---------------+-------------+-----
Dodging        | 2 |  2.0
Shapeshifting  | 4 |  4.8
Spellcasting   | 1 |  1.5
Fighting       | |  1.3
Unarmed Combat | |  3.1

Action                     |  1- 3 |  4- 6 || total
---------------------------+-------+-------++-------
  Melee: Unarmed           |    27 |    46 ||    73
         Tailslap          |     5 |     4 ||     9
         Punch             |     1 |       ||     1
   Fire: Sling             |    77 |       ||    77
   Cast: Sting             |     1 |    14 ||    15
    Use: Potion            |       |     5 ||     5
 Armour: Skin              |    51 |    50 ||   101
  Dodge: Dodged            |    55 |    38 ||    93
  Block: Orb               |     1 |     7 ||     8

Table legend: (Time is in decaauts)
 A = Elapsed time spent in this place.
 B = Non-inter-level travel time spent in this place.
 C = Inter-level travel time spent in this place.
 D = Time resting spent in this place.
 E = Time spent auto-exploring this place.
 F = Levels seen in this place.
 G = Mean time per level.
                   A        B        C        D        E       F      G
               +--------+--------+--------+--------+--------+-----+--------+
         Total |   2127 |   2104 |     23 |      0 |   1721 |   3 |  709.0 |
       Dungeon |   2127 |   2104 |     23 |      0 |   1721 |   3 |  709.0 |
               +--------+--------+--------+--------+--------+-----+--------+

Top non-repeatable levels by time:
     D:1: 1112 daAuts
     D:2: 695 daAuts
     D:3: 319 daAuts
